 Dungeon Crawl Stone Soup version 0.30.1-3-gfc49f6343a (webtiles) character file.

Game seed: 9064856048077011997

79551 opiumtea the Unseen (level 16, -22/111 HPs)
             Began as a Kobold Brigand on Aug 6, 2023.
             Was the Champion of Dithmenos.
             Annihilated by an ettin
             ... wielding a +0 dire flail
              (42 damage)
             ... on level 1 of the Orcish Mines.
             The game lasted 01:03:48 (22397 turns).

opiumtea the Unseen (Kobold Brigand)               Turns: 22397, Time: 01:03:49

Health: -22/111    AC: 13    Str:  8    XL:     16   Next: 11%
Magic:  30/30      EV: 26    Int: 14    God:    Dithmenos [******]
Gold:   1632       SH:  0    Dex: 23    Spells: 15/15 levels left

rFire   . . .        a - +2 dagger (venom)
rCold   + . .        (no shield)
rNeg    . . .        O - +3 leather armour of Isol {rElec Regen+}
rPois   .            M - +2 hat
rElec   +            c - +0 cloak
rCorr   .            (no gloves)
SInv    .            (no boots)
Will    +....        x - amulet of regeneration Stlth *****+++++
                     m - +4 ring of protection
HPRegen 1.98/turn    Q - ring "Hucrah" {+Blink rC+ MP+9}
MPRegen 0.22/turn

%: no passive effects
@: wreathed by umbra
A: small, no large weapons, nightstalker 3
a: Renounce Religion, Evoke Blink, Shadow Step, Shadow Form


You were on level 1 of the Orcish Mines.
You worshipped Dithmenos.
Dithmenos was exalted by your worship.
You visited 3 branches of the dungeon, and saw 21 of its levels.

You collected 1632 gold pieces.

Inventory:

Hand Weapons
 a - a +2 dagger of venom (weapon)
 b - the +1 long sword "Jiboabie" {heavy, *Corrode rN+ Str+6 Dex+2}
   (You took it off an orc warrior on level 8 of the Dungeon)

   Str:       It affects your strength (+6).
   Dex:       It affects your dexterity (+2).
   rN:        It protects you from negative energy.
   *Corrode:  It may corrode you when you take damage.
 u - a +0 scimitar of flaming
Missiles
 d - 41 poisoned darts (quivered)
 e - 3 curare-tipped darts
 D - 2 throwing nets
Armour
 c - a +0 cloak (worn)
 M - a +2 hat (worn)
 O - the +3 leather armour of Isol (worn) {rElec Regen+}
   (You found it on level 7 of the Dungeon)

   rElec:     It insulates you from electricity.
   Regen:     It increases your rate of health regeneration.
Jewellery
 f - a ring of ice
 m - a +4 ring of protection (left hand)
 x - an amulet of regeneration (around neck)
 A - a ring of resist corrosion
 E - a ring of poison resistance
 Q - the ring "Hucrah" (right hand) {+Blink rC+ MP+9}
   (You found it on level 7 of the Dungeon)

   [ring of protection from cold]

   rC:        It protects you from cold.
   MP:        It affects your magic capacity (+9).
   +Blink:    It lets you blink.
 X - a ring of positive energy
Wands
 s - a wand of mindburst (16)
 w - a wand of quicksilver (9)
 C - a wand of charming (13)
 F - a wand of flame (26)
 K - a wand of polymorph (4)
 L - a wand of roots (12)
 R - a wand of digging (10)
Scrolls
 h - a scroll of torment
 i - 3 scrolls of teleportation
 j - 4 scrolls of amnesia
 k - 2 scrolls of blinking
 n - 3 scrolls of poison
 q - 4 scrolls of vulnerability
 B - 3 scrolls of noise
 G - 3 scrolls of fog
 V - a scroll of immolation
 Z - a scroll of butterflies
Potions
 g - 4 potions of might
 l - 4 potions of mutation
 o - 5 potions of attraction
 p - 9 potions of curing
 r - 6 potions of haste
 t - 3 potions of heal wounds
 v - 2 potions of ambrosia
 H - a potion of berserk rage {unknown}
 I - a potion of resistance {unknown}
 J - 2 potions of cancellation {unknown}
 N - a potion of flight
 S - 2 potions of lignification
 T - 5 potions of brilliance {unknown}
 U - a potion of magic
 W - 2 potions of degeneration {unknown}
Miscellaneous
 P - a phantom mirror (inert)


   Skills:
 + Level 16.7 Fighting
 - Level 14.0(15.4) Short Blades
 + Level 7.0(9.2) Long Blades
 - Level 2.1 Throwing
 - Level 5.0 Armour
 - Level 14.0 Dodging
 - Level 17.2 Stealth
 - Level 7.0 Invocations


You had 15 spell levels left.
You didn't know any spells.
Your spell library contained the following spells:

 Spells                   Type           Power      Damage    Failure   Level
 Lesser Beckoning         Tloc           0%         N/A       52%         2
 Sublimation of Blood     Necr           0%         N/A       52%         2
 Wereblood                Tmut           0%         N/A       52%         2
 Call Canine Familiar     Summ           0%         N/A       75%         3
 Gell's Gravitas          Tloc           0%         N/A       75%         3
 Hailstorm                Conj/Ice       0%         3d3       75%         3
 Ozocubu's Armour         Ice            0%         N/A       75%         3
 Portal Projectile        Hex/Tloc       0%         N/A       75%         3
 Teleport Other           Tloc           0%         N/A       75%         3
 Volatile Blastmotes      Fire/Tloc      0%         2d10      75%         3
 Fulminant Prism          Conj/Hex       0%         3d5       98%         4
 Ice Form                 Ice/Tmut       0%         N/A       98%         4
 Iskenderun's Mystic Bla  Conj/Tloc      0%         2d3       98%         4
 Leda's Liquefaction      Hex/Erth       0%         N/A       98%         4
 Manifold Assault         Tloc           0%         N/A       98%         4
 Blade Hands              Tmut           0%         N/A       100%        5
 Fireball                 Conj/Fire      0%         3d3       100%        5
 Irradiate                Conj/Tmut      0%         3d11      100%        5
 Iskenderun's Battlesphe  Conj           0%         2d6       100%        5
 Lee's Rapid Deconstruct  Erth           0%         3d4*      100%        5
 Metabolic Englaciation   Hex/Ice        0%         N/A       100%        5
 Conjure Ball Lightning   Conj/Air       0%         3x3d6     100%        6
 Dispersal                Tloc           0%         N/A       100%        6
 Simulacrum               Ice/Necr       0%         N/A       100%        6
 Dragon Form              Tmut           0%         N/A       100%        7
 Orb of Destruction       Conj           0%         9d5       100%        7
 Summon Hydra             Summ           0%         N/A       100%        7
 Disjunction              Tloc           0%         N/A       100%        8


Dungeon Overview and Level Annotations

Branches:
Dungeon (14/15)            Temple (0/1) D:4            Lair (5/5) D:11
  Swamp (0/4) Lair:2       Spider (0/4) Lair:3        Slime (0/5) Lair:5
    Orc (2/2) D:12            Elf (0/3) Orc:2        Vaults (0/5) D:13

Altars:
Ashenzari
Dithmenos
Gozag
Kikubaaqudgha
Makhleb
Ru
Vehumet
Jiyva

Shops:
Orc:2 =[

Portals:
Trove: D:13 (give 5 scrolls of blinking)

Annotations:
D:7 unfinished
D:9 3 runed translucent doors
D:12 !elrocha, Erolcha
D:14 Roxanne
Lair:2 3 runed translucent doors, OmG's ghost, journeyman DsIE; aeroqp's ghost, journeyman FoEE
Lair:5 2 exclusions


Innate Abilities, Weirdness & Mutations

You are small and have problems with some larger weapons.
You are completely attuned to the shadows.


Message History

The troll barely misses you. The troll closely misses you.
You hit the troll but do no damage.
The troll looks as sick as possible!
The troll is severely wounded.
You hit the troll but do no damage.
The troll looks as sick as possible!
The troll is almost dead.
The troll completely misses you. The troll misses you. The troll claws you.
You hit the troll.
The troll looks as sick as possible!
The troll is almost dead.
Your shadow hits the troll with a dagger.
You kill the troll!
Dithmenos accepts your kill.
The troll leather armour is intact enough to wear.
The ettin closely misses you. The ettin misses you.
Items here: ))) [[[ †.
The two-headed ogre attacks as you move away!
The two-headed ogre closely misses you.
The two-headed ogre hits you with a +0 giant spiked club!
The ettin barely misses you. The ettin completely misses you.
The ettin attacks as you move away!
The ettin hits you with a +0 dire flail!!
The ettin closely misses you. The ettin attacks as you move away!
The ettin hits you with a +0 dire flail!!
The ettin misses you. The ettin misses you. x2
The ettin attacks as you move away! The ettin completely misses you. x2
You hit the ettin but do no damage. The ettin misses you.
The ettin hits you with a +0 great mace!!!
* * * LOW HITPOINT WARNING * * *
You emit a cloud of dark smoke.
You hit the ettin but do no damage.
The ettin is poisoned.
Your shadow hits the ettin but does no damage.
The two-headed ogre attacks as you move away!
The two-headed ogre completely misses you.
The two-headed ogre barely misses you.
The two-headed ogre attacks as you move away!
The two-headed ogre barely misses you. The two-headed ogre misses you.
The ettin attacks as you move away!
The ettin hits you with a +0 dire flail!!!
You die...

### ##.## #...## ##...##
##...# ### ##.§.# ##.##
##..§§####...#
####..@C§§§##...#
##.#...##O§§§##..######
##.....#.##§§#§#....#..##
###............§..........#
##.......##.....#.........##
#.....[...#[[..##....##.####
##..#.....[>[.####..#######.
####........)[[.§#§#...# #).
##.#............§§§§...##
##.


You could see an ettin (very poisoned) and a two-headed ogre.

Vanquished Creatures
  Jorgrun (D:12)
  Gastronok (D:8)
  2 ettins
  9 hydras
  2 catoblepae
  A ghost crab (Lair:2)
  2 ogre magi (Orc:2)
  2 centaur warriors (D:13)
  9 two-headed ogres
  7 death yaks
  2 orc high priests (Orc:1)
  Urug (Lair:1)
  2 skysharks
  4 deep trolls
  A necromancer (D:10)
  2 deep elf pyromancers (D:13)
  2 orc sorcerers (Orc:1)
  An oklob plant (Lair:2)
  4 cyclopes
  4 elephants
  2 ugly things
  2 black mambas
  3 gargoyles
  17 cane toads
  Maggie (D:9)
  Psyche (D:12)
  2 torpor snails (Lair:2)
  An unseen horror (D:11)
  7 komodo dragons
  18 trolls
  A polar bear (Lair:2)
  30 blink frogs
  Prince Ribbit (Lair:1)
  5 dream sheep (Lair:4)
  A culicivora (Lair:3)
  A jumping spider (Lair:3)
  5 slime creatures (D:12)
  Sigmund (D:3)
  A shadow (D:11)
  2 vampires
  2 fire bats (Lair:5)
  3 wyverns
  3 wraiths
  A steam dragon (Lair:1)
  A basilisk (D:13)
  A golden eye (shapeshifter) (D:10)
  77 yaks
  A spectral komodo dragon (Lair:2)
  A vampire mosquito (D:10)
  4 redbacks (Lair:3)
  2 wargs
  15 water moccasins
  3 hell hounds
  A spectral yak (Lair:2)
  15 orc warriors
  3 black bears
  A sky beast (D:6)
  16 ogres
  9 wolves
  11 centaurs
  2 phantoms (D:12)
  2 kobold brigands
  Blork the orc (D:5)
  13 bullfrogs
  2 scorpions
  7 wights
  A troll zombie (D:12)
  5 howler monkeys
  3 electric eels (D:10)
  A jelly (D:8)
  13 orc priests
  2 gnoll boudas (D:7)
  2 sleepcaps
  26 orc wizards
  A hell rat (D:11)
  7 wolf simulacra (D:10)
  7 ogre zombies (D:12)
  4 adders
  8 gnolls
  2 river rats (D:11)
  2 white imps
  An ufetubus (D:5)
  2 worms
  51 orcs
  8 endoplasms
  6 giant cockroaches
  5 hobgoblins
  A quokka (D:4)
  4 ball pythons
  3 bats
  5 frilled lizards
  6 goblins
  5 goblin zombies (D:12)
  2 hobgoblin skeletons (D:12)
  3 hobgoblin zombies (D:12)
  11 kobolds
  15 orc zombies (D:12)
  7 rats
  4 river rat simulacra (D:10)
  A butterfly (Lair:4)
582 creatures vanquished.

Vanquished Creatures (collateral kills)
  An orc priest (Orc:1)
1 creature vanquished.

Vanquished Creatures (others)
  An orc wizard (Orc:1)
1 creature vanquished.

Grand Total: 584 creatures vanquished

Notes
Turn   | Place    | Note
-------+----------+-------------------------------------------
     0 | D:1      | opiumtea the Kobold Brigand began the quest for the Orb.
     0 | D:1      | Reached XP level 1. HP: 12/12 MP: 1/1
    93 | D:1      | Reached XP level 2. HP: 18/18 MP: 2/2
   296 | D:1      | You fall into a shaft and drop 1 floor!
   443 | D:2      | Found a faded altar of an unknown god.
   516 | D:1      | Reached XP level 3. HP: 23/23 MP: 3/3
   831 | D:2      | Found a shadowy altar of Dithmenos.
   844 | D:2      | Became a worshipper of Dithmenos the Shadowed
  1169 | D:2      | Reached XP level 4. HP: 30/30 MP: 4/4
  1878 | D:3      | Reached skill level 5 in Fighting
  2045 | D:3      | Noticed a black bear
  2079 | D:3      | Killed a black bear
  2080 | D:3      | Reached skill level 5 in Short Blades
  2080 | D:3      | Reached XP level 5. HP: 33/35 MP: 5/5
  2177 | D:3      | Reached XP level 6. HP: 32/40 MP: 6/6
  2256 | D:3      | Noticed Sigmund
  2260 | D:3      | Killed Sigmund
  2293 | D:3      | Reached XP level 7. HP: 44/44 MP: 7/7
  2303 | D:3      | Reached * piety under Dithmenos
  2317 | D:3      | Identified the +2 ring mail "Biseyj" {Drain Fly MP+9 Str-4}
  2606 | D:4      | Found a staircase to the Ecumenical Temple.
  2900 | D:4      | Reached skill level 5 in Dodging
  3820 | D:5      | Entered Level 5 of the Dungeon
  3955 | D:5      | Noticed Blork the orc
  3978 | D:5      | Killed Blork the orc
  4229 | D:5      | Reached XP level 8. HP: 49/49 MP: 8/8
  4451 | D:5      | Noticed a yak
  4453 | D:5      | Noticed a yak
  4454 | D:5      | Noticed a yak
  4456 | D:5      | Noticed a yak
  4483 | D:5      | Killed a yak
  4484 | D:5      | Reached skill level 6 in Stealth
  4486 | D:5      | Killed a yak
  4487 | D:5      | Reached skill level 7 in Stealth
  4521 | D:5      | Killed a yak
  4522 | D:5      | Reached skill level 8 in Stealth
  4532 | D:5      | Noticed a yak
  4535 | D:5      | Noticed a yak
  4561 | D:5      | Killed a yak
  4562 | D:5      | Reached skill level 9 in Stealth
  4583 | D:5      | Killed a yak
  4584 | D:5      | Reached skill level 10 in Stealth
  4584 | D:5      | Reached XP level 9. HP: 52/54 MP: 9/9
  5264 | D:6      | Reached skill level 5 in Invocations
  6026 | D:7      | Noticed a two-headed ogre
  6030 | D:7      | Noticed a troll
  6030 | D:7      | Noticed a brown ugly thing
  6127 | D:7      | Reached ** piety under Dithmenos
  6221 | D:7      | Reached XP level 10. HP: 50/59 MP: 13/15
  6569 | D:7      | Reached skill level 10 in Short Blades
  6659 | D:8      | Noticed Gastronok
  6824 | D:8      | Identified the +1 long sword "Jiboabie" {heavy, *Corrode
                  | rN+ Str+6 Dex+2}
  6961 | D:8      | Found a shadowy altar of Dithmenos.
  6961 | D:8      | Found a broken altar of Ashenzari.
  7655 | D:8      | Killed Gastronok
  7737 | D:8      | Found a sacrificial altar of Ru.
  7808 | D:9      | Reached XP level 11. HP: 70/71 MP: 16/16
  7813 | D:9      | Noticed Maggie
  7838 | D:9      | Killed Maggie
  7839 | D:9      | Reached skill level 10 in Fighting
  7869 | D:9      | Reached *** piety under Dithmenos
  7969 | D:7      | Killed a two-headed ogre
  8018 | D:7      | Identified the +3 leather armour of Isol {rElec Regen+}
  8036 | D:7      | Identified the ring "Hucrah" {+Blink rC+ MP+9}
  8040 | D:7      | Identified the +4 morningstar of Wondrous Power {antimagic,
                  | Str+2 Dex+4}
  8184 | D:9      | Found a burning altar of Makhleb.
  8352 | D:9      | Found an ancient bone altar of Kikubaaqudgha.
  8355 | D:9      | Found an opulent altar of Gozag.
  8358 | D:9      | Found a radiant altar of Vehumet.
  8495 | D:9      | Found a runed translucent gate.
  8496 | D:9      | Found a runed translucent gate.
  8497 | D:9      | Found a runed translucent gate.
  8503 | D:9      | Noticed a green ugly thing
  8503 | D:9      | Noticed a white ugly thing
  8873 | D:9      | Noticed a green ugly thing
  8878 | D:9      | a swamp worm changed into a faun
  8878 | D:9      | Noticed a faun (glowing shapeshifter)
  8879 | D:9      | a faun changed into a redback
  8951 | D:10     | Entered Level 10 of the Dungeon
  9286 | D:10     | Noticed a five-headed hydra
  9293 | D:10     | Killed a one-headed hydra
  9313 | D:10     | Noticed a white ugly thing
  9334 | D:10     | Killed a white ugly thing
  9525 | D:10     | Noticed a necromancer
  9531 | D:10     | Killed a necromancer
 10248 | D:10     | Reached **** piety under Dithmenos
 10250 | D:10     | Reached XP level 12. HP: 81/81 MP: 17/17
 10307 | D:10     | Noticed a two-headed ogre
 10351 | D:10     | Killed a two-headed ogre
 10561 | D:11     | Noticed a death yak
 10566 | D:11     | Noticed a death yak
 10568 | D:11     | Found a staircase to the Lair.
 10569 | D:11     | Killed a death yak
 10570 | D:11     | Reached skill level 1 in Armour
 10618 | D:10     | Killed a death yak
 11037 | D:11     | Reached skill level 5 in Armour
 11532 | D:11     | Noticed a death yak
 11562 | D:11     | Killed a death yak
 11610 | Lair:1   | Entered Level 1 of the Lair of Beasts
 11697 | Lair:1   | Reached skill level 10 in Dodging
 12007 | Lair:1   | Noticed Prince Ribbit
 12017 | Lair:1   | Killed Prince Ribbit
 12067 | Lair:1   | Reached XP level 13. HP: 86/86 MP: 18/18
 12164 | Lair:1   | Reached ***** piety under Dithmenos
 12193 | Lair:1   | Noticed Urug
 12219 | Lair:1   | Killed Urug
 12851 | Lair:1   | Noticed a dire elephant
 13128 | Lair:2   | You fall into a shaft and drop 1 floor!
 13221 | Lair:2   | Reached skill level 11 in Stealth
 13229 | Lair:2   | Noticed a five-headed hydra
 13239 | Lair:2   | Killed a one-headed hydra
 13296 | Lair:2   | Reached skill level 12 in Stealth
 13570 | Lair:2   | Found a runed translucent gate.
 13570 | Lair:2   | Found a runed translucent gate.
 13570 | Lair:2   | Found a runed translucent gate.
 13657 | Lair:2   | Noticed a catoblepas
 13800 | Lair:2   | Killed a catoblepas
 13904 | Lair:2   | Noticed a ghost crab
 14001 | Lair:2   | Found a staircase to the Swamp.
 14016 | Lair:2   | Killed a ghost crab
 14079 | Lair:2   | Noticed OmG's ghost (journeyman DsIE)
 14113 | Lair:2   | Reached XP level 14. HP: 89/90 MP: 19/19
 14456 | Lair:2   | Noticed aeroqp's ghost (journeyman FoEE)
 14573 | Lair:3   | Found a hole to the Spider Nest.
 14727 | Lair:3   | Reached skill level 13 in Stealth
 15570 | Lair:4   | Reached skill level 14 in Stealth
 15934 | Lair:4   | Reached ****** piety under Dithmenos
 16454 | Lair:5   | Entered Level 5 of the Lair of Beasts
 16525 | Lair:4   | Reached skill level 15 in Stealth
 16802 | Lair:4   | Reached skill level 16 in Stealth
 17238 | Lair:5   | Reached skill level 17 in Stealth
 17415 | Lair:5   | Found a viscous altar of Jiyva.
 17415 | Lair:5   | Found a staircase to the Slime Pits.
 17614 | Lair:4   | Reached skill level 1 in Long Blades
 18010 | Lair:5   | Reached XP level 15. HP: 93/101 MP: 20/20
 18311 | D:12     | Noticed Erolcha
 18686 | D:12     | Reached skill level 15 in Fighting
 18751 | D:12     | Found a shadowy altar of Dithmenos.
 18891 | D:12     | Noticed Psyche
 18896 | D:12     | Killed Psyche
 18919 | D:12     | Noticed Jorgrun
 18921 | D:12     | Killed Jorgrun
 19051 | D:12     | Found a staircase to the Orcish Mines.
 19501 | D:13     | Found a portal to a secret trove of treasure.
 19554 | D:13     | HP: 2/103 [centaur warrior/arrow (16)]
 20016 | D:13     | Found a gate to the Vaults.
 20401 | D:13     | Reached skill level 5 in Long Blades
 20665 | D:14     | Identified Roxanne's Opusculum on Alteration
 20665 | D:14     | Noticed Roxanne
 20811 | D:12     | Found a staircase to the Orcish Mines.
 20820 | Orc:1    | Entered Level 1 of the Orcish Mines
 20820 | Orc:1    | You fall into a shaft and drop 1 floor!
 20820 | Orc:2    | Entered Level 2 of the Orcish Mines
 20820 | Orc:2    | Found Zilourry's Antique Armour Boutique.
 20823 | Orc:2    | Found Osuge's Jewellery Emporium.
 20856 | Orc:2    | HP: 1/104 [something (8)]
 21269 | Orc:1    | HP: 5/104 [deep troll (19)]
 21549 | Orc:2    | Found a staircase to the Elven Halls.
 21561 | Orc:2    | Paralysed by an ogre mage for 3 turns
 21842 | Orc:2    | HP: 5/105 [orc priest/divine providence (9)]
 21942 | Orc:2    | Reached XP level 16. HP: 111/111 MP: 21/21
 22397 | Orc:1    | Annihilated by an ettin

Illustrated notes

Levels and vault maps discovered:
D:1:      saegor_arrival_simple_b, layout_rooms
D:2:      layout_basic, nicolae_ecumenical_pavilion, basic_altar
D:3:      layout_loops_ring, uniq_sigmund
D:4:      layout_cave_pods, minmay_temple_entry_tees
D:5:      layout_basic, uniq_blork_the_orc
D:6:      layout_basic, grunt_ministairs_10
D:7:      minmay_the_grid_triangle_9x9_recursive_2
          [minmay_the_grid_triangle_9x9_prize_schism,
          minmay_the_grid_triangle_9x9_windchime,
          minmay_the_grid_triangle_9x9_empty,
          minmay_the_grid_triangle_9x9_corrupted_corridor], layout_rooms
D:8:      layout_basic, nicolae_ru_path_of_blood,
          gammafunk_temple_overflow_pools, uniq_gastronok
D:9:      layout_big_octagon, grunt_temple_overflow_open, old_standard_altar,
          ploomutoo_gammafunk_ghost_potion_laboratory, uniq_maggie
D:10:     minmay_chambers_of_sixes, layout_basic, nicolae_hexahallways,
          eino_house_with_fridge
D:11:     layout_small_grid, dpeg_lair_monsters, st_stairs_8,
          blue_anna_alchemist
D:12:     lemuel_troll_bridge, layout_loops_ring, zombieorc2_lemuel,
          nicolae_dithmenos_through_a_glass_darkly, uniq_erolcha, uniq_jorgrun,
          uniq_psyche
D:13:     layout_long_grid, david_vaults_1, enter_trove_1
D:14:     layout_irregular_city, minmay_staircase_bubble,
          portal_ice_cave_entry_dragon, uniq_roxanne
Lair:1:   layout_regular_city, nicolae_lair_lakeside_cave, uniq_prince_ribbit2,
          uniq_urug
Lair:2:   nzn_winding_woodlands_cross [nzn_winding_woodlands_5x15_longhouse,
          nzn_winding_woodlands_5x15_garden,
          nzn_winding_woodlands_5x15_sidewinder,
          nzn_winding_woodlands_5x15_zeroes,
          nzn_winding_woodlands_15x15_boxy_spiral], layout_regular_city,
          nicolae_swamp_entry_spooky, gammafunk_ghost_cemetery
Lair:3:   layout_roguey, nicolae_spider_entry_tight_spaces, serial_bayou_shore_a
Lair:4:   layout_small_grid, lemuel_fruit_fields
Lair:5:   cheibrodos_lair_end_hotspot, layout_gridlike, slime_entry_1
Orc:1:    layout_caves
Orc:2:    st_orc_open, layout_caves, serial_shops, shop

Skill      XL: |  1  2  3  4  5  6  7  8  9 10 11 12 13 14 15 16 |
---------------+-------------------------------------------------+-----
Fighting       | 3 4 5 9 12 13 14 16 | 16.7
Short Blades   | 5 6 8 10 13 14 | 14.0
Dodging        | 3 7 8 10 14 | 14.0
Stealth        | 10 12 17 | 17.2
Invocations    | 6 7 |  7.0
Armour         | 5 |  5.0
Long Blades    | 1 6 7 |  7.0
Throwing       | |  2.1

Action                     |  1- 3 |  4- 6 |  7- 9 | 10-12 | 13-15 | 16-18 || total
---------------------------+-------+-------+-------+-------+-------+-------++-------
  Melee: Dagger            |    57 |    45 |   240 |   387 |   856 |   145 ||  1730
         Punch             |       |       |     4 |    16 |    32 |     2 ||    54
         Scimitar          |       |       |       |   291 |   500 |    10 ||   801
         Long sword        |       |       |       |       |    66 |    22 ||    88
  Throw: Dart              |       |       |       |       |     1 |       ||     1
 Invoke: Shadow Step       |       |       |       |       |     2 |       ||     2
  Evoke: Wand              |       |       |       |     4 |     4 |       ||     8
         Phantom mirror    |       |       |       |       |     1 |       ||     1
    Use: Scroll            |       |     6 |     4 |     5 |    16 |     1 ||    32
         Potion            |       |       |       |     3 |     3 |     1 ||     7
   Stab: Sleeping          |    23 |     7 |    30 |    36 |    89 |       ||   185
         Distracted        |     2 |       |       |     3 |     6 |       ||    11
 Armour: Robe              |     5 |       |    22 |     2 |       |       ||    29
         Leather armour    |       |    23 |     9 |    93 |   279 |    54 ||   458
         Troll leather arm |       |       |       |    41 |       |       ||    41
  Dodge: Dodged            |    24 |    28 |   135 |   585 |  2125 |   443 ||  3340
